[Event "Early-Titled-Tuesday-Blitz-October-24-2023"]
[Site "Chess.com"]
[Date "2023.10.24"]
[Round "6"]
[White "Cheer_Down"]
[Black "Sofia_Blokhin"]
[Result "0-1"]
[WhiteElo "2427"]
[BlackElo "2265"]
[TimeControl "180+1"]
[EndTime "9:06:25 PDT"]
[Termination "Sofia_Blokhin won on time"]

1. e4 c5 2. Nf3 d6 3. Bb5+ Bd7 4. Bxd7+ Qxd7 5. c4 e5 6. Nc3 Nc6 7. O-O Be7 8. Nd5 Bd8 9. a3 Nge7 10. b4 b6 11. b5 Nd4 12. Nxd4 cxd4 13. d3 Ng6 14. a4 O-O 15.
Qh5 f5 16. exf5 Qxf5 17. Qxf5 Rxf5 18. g3 Rf3 19. Ra3 h6 20. Kg2 Rf7 21. f4 Ne7 22.
Nxe7+ Bxe7 23. a5 d5 24. Ra4 e4 25. axb6 dxc4 26. b7 Rb8 27. Rxc4 exd3 28. Rxd4 Rxb7 29. Rxd3 Rxb5 30. Be3 a5 31. Ra1 Bb4 32. Bd2 Bxd2 33. Rxd2 Rff5 34. Kf2 Kh7 35. Kf3 Kg6 36. Ra3 Rfc5 37. g4 Kh7 38. h4 Rb4 39. Kg3 Rcc4 40. Rf2 Rc5 41. h5 Rcb5 42. Rff3 a4 43. Kg2 g6 44.
hxg6+ Kxg6 45. Kg3 Kf6 46. Kf2 Kg6 47. Rfe3 Rb2+ 48. Kf3 R2b4 49. Ke2 Rb2+ 50. Kf3 R2b4 51. Re6+ Kg7 52. Re7+ Kg6 53. f5+ Kg5 54. Ree3 Rb6 55. Re4 Rb3+ 56. Rxb3 axb3 57. Re1 b2 58. Rb1 Rb3+ 59.
Ke4 Kxg4 60. f6 Rb7 61. Ke5 Kg5 62. Ke6 Rb6+ 63. Ke7 Rxf6 64. Rxb2 Rf4 65. Ke6 Rg4 66. Ke5 h5 0-1

[Event "Early-Titled-Tuesday-Blitz-October-24-2023"]
[Site "Chess.com"]
[Date "2023.10.24"]
[Round "6"]
[White "meoluoi91"]
[Black "Flaccidmoves"]
[Result "1/2-1/2"]
[WhiteElo "2593"]
[BlackElo "2424"]
[TimeControl "180+1"]
[EndTime "9:06:28 PDT"]
[Termination "Game drawn by repetition"]

1. d4 Nf6 2. Nf3 g6 3. g3 Bg7 4.
Bg2 O-O 5. O-O d6 6. Re1 Nc6 7. d5 Nb8 8. c4 c6 9. Nc3 cxd5 10. cxd5 Na6 11. Nd4 Bd7 12. b3 Rc8 13. Bb2 Qb6 14.
e3 Rc7 15. Qd2 Rfc8 16. Rac1 Nc5 17. h3 a5 18. Ba1 Qb4 19. Rc2 a4 20. Rb1 axb3 21.
axb3 Ra8 22. Ncb5 Qxd2 23. Rxd2 Rcc8 24. Kh2 Nfe4 25. Rdd1 Nxf2 26. Rf1 Ncd3 27. Bf3 Ra2 28. Bg2 Nxh3 29. Nc3 Rf2 30. Ne4 Rxf1 31. Rxf1 Ne5 32. Bxh3 Ng4+ 33. Bxg4 Bxg4 34. Rf2 Ra8 35. Bb2 Ra2 36.
Bc3 Rxf2+ 37. Nxf2 Bd7 38. Ne2 Bh6 39. Bd4 e6 40. Nc3 e5 41. Bb6 f5 42. Bc7 Bf8 43.
g4 Kf7 44. gxf5 gxf5 45. Nd3 Kf6 46. Nf2 Kg5 47. Kg3 h5 48. Nh3+ Kg6 49. e4 f4+ 50. Kg2 Be7 51. b4 Kf7 52. b5 Kg6 53. b6 Kf7 54.
Nd1 Kg6 55. Ndf2 Bb5 56. Ng1 h4 57. Nf3 Kh5 58. Ne1 Be2 59. Nh3 Kg4 60. Ng1 Bd1 61.
Kf2 h3 62. Ngf3 Bh4+ 63. Nxh4 Kxh4 64. Bxd6 h2 65. Kg2 f3+ 66. Nxf3+ Bxf3+ 67. Kxh2 Bxe4 68. Be7+ Kg4 69. d6 Bc6 70. Kg1 Kf5 71. Kf2 Ke6 72. Ke3 Kd5 73. Kd3 Ke6 74. Ke3 Bd7 75. Kd3 Bc6 76. Ke3 1/2-1/2

[Event "Early-Titled-Tuesday-Blitz-October-24-2023"]
[Site "Chess.com"]
[Date "2023.10.24"]
[Round "6"]
[White "WPWPWP-2015"]
[Black "Alexei_Gubajdullin"]
[Result "0-1"]
[WhiteElo "2555"]
[BlackElo "2743"]
[TimeControl "180+1"]
[EndTime "9:06:30 PDT"]
[Termination "Alexei_Gubajdullin won by resignation"]

1. e4 c5 2. Nf3 Nc6 3. d4 cxd4 4. Nxd4 Nf6 5. Nc3 e5 6. Ndb5 d6 7. Bg5 a6 8. Na3 b5 9. Nd5 Be7 10. Bxf6 Bxf6 11. c3 Rb8 12. Nc2 Bg5 13. a4 bxa4 14. Ncb4 Nxb4 15. cxb4 O-O 16. Bc4 Be6 17. Rxa4 a5 18.
bxa5 Rxb2 19. O-O Qd7 20. a6 Qa7 21. Qa1 Rfb8 22. Nc3 Bh4 23. g3 Bd8 24. Nb5 R8xb5 25. Bxb5 Rxb5 26. Rb1 Rxb1+ 27. Qxb1 Bh3 28. Qb5 Kf8 29.
Rc4 Bb6 30. Rc2 g6 31. Ra2 Kg7 32. Rb2 Qc7 33. Rb1 Ba7 34. Qe2 Qc5 35. Re1 Qc3 36.
Rb1 h5 37. Rd1 Qa3 38. Rb1 Qc3 39. Rd1 Bg4 40. Qd3 Qc5 41. Rf1 Bh3 42. Qe2 Bxf1 43. Kxf1 Qb6 44. h4 Qa5 45. Kg2 Bd4 46. Qc4 Qa1 47.
Qd3 Qb2 48. Qf1 Qa2 49. Kg1 f6 50. Kg2 Kh6 51. Kg1 g5 52. hxg5+ fxg5 53. Kg2 Kg6 54. Kg1 g4 55. Kg2 Bc5 56. Kg1 h4 57. Kg2 h3+ 58. Kh2 Bxf2 59. Kh1 Bc5 60. Qf5+ Kh6 61. Qe6+ Kh5 62.
Qf5+ Kh6 63. Qf6+ Kh7 64. Qf5+ Kg8 65. Qxg4+ Kf8 66. Qc8+ Ke7 67. Qxh3 Qxa6 68. Qh5 Qf1+ 69. Kh2 Qg1+ 70. Kh3 Qh1+ 71. Kg4 Qxh5+ 72. Kxh5 Kf6 73. g4 Be3 74. Kh4 Kg6 75. Kg3 Kg5 76. Kf3 Bf4 77.
Kg2 Kxg4 0-1

[Event "Early-Titled-Tuesday-Blitz-October-24-2023"]
[Site "Chess.com"]
[Date "2023.10.24"]
[Round "6"]
[White "mind1mover"]
[Black "M1711"]
[Result "1-0"]
[WhiteElo "2801"]
[BlackElo "2566"]
[TimeControl "180+1"]
[EndTime "9:06:37 PDT"]
[Termination "mind1mover won on time"]

1. Nf3 d5 2. b3 f6 3. d4 c5 4. e3 Nc6 5. Bb2 cxd4 6. exd4 Bg4 7. Be2 e6 8. O-O Bd6 9. c4 Nge7 10. h3 Bh5 11. Nbd2 O-O 12. Re1 Qd7 13. Nf1 Bf7 14. Ne3 Rfe8 15. a3 Bc7 16. Qc2 Bg6 17. Bd3 Rad8 18.
Rad1 Bxd3 19. Qxd3 Ng6 20. g3 dxc4 21. Qxc4 Kh8 22. d5 exd5 23. Nxd5 Rxe1+ 24. Rxe1 Nge5 25. Bxe5 Bxe5 26. Nb4 Nd4 27. Nxd4 Bxd4 28. Nd5 Be5 29. Nf4 Bxf4 30. Qxf4 h6 31. h4 a6 32. h5 Re8 33.
Rc1 Qf7 34. Qf3 b5 35. b4 Rd8 36. Kg2 Qd5 37. Rc6 Qxf3+ 38. Kxf3 Rd3+ 39. Ke4 Rxa3 40. g4 Kh7 41. f4 Rb3 42. Rxa6 Rxb4+ 43. Kf5 Rb1 44.
Rb6 b4 45. Rb7 b3 46. Ke6 Rg1 47. Kf5 Rb1 48. Ke6 Rf1 49. Kf5 Rf3 50. Rb5 Rg3 51. Rb8 Rf3 52. Ke4 Rh3 53. Rb7 Rc3 54.
Kf5 Rc5+ 55. Ke6 Rc4 56. Kf5 Rc3 57. Ke4 Kg8 58. Rb8+ Kf7 59. Rb7+ Kf8 60. Rb6 Rg3 61. Kf5 Kf7 62. Rb7+ Kf8 63. Rb8+ Ke7 64. Rb7+ Kf8 65. Rb4 Kg8 66. Rb5 Kh7 67. Ra5 Rc3 68. Rb5 Kg8 69.
Kg6 Kf8 70. Rb8+ Ke7 71. Kxg7 Rg3 72. Rb7+ Ke6 73. Rb6+ Ke7 74. Rb7+ Ke6 75. f5+ Ke5 76. Rb5+ 1-0

[Event "Early-Titled-Tuesday-Blitz-October-24-2023"]
[Site "Chess.com"]
[Date "2023.10.24"]
[Round "6"]
[White "MasterKroket"]
[Black "KVAIDAN"]
[Result "1/2-1/2"]
[WhiteElo "2513"]
[BlackElo "2379"]
[TimeControl "180+1"]
[EndTime "9:06:37 PDT"]
[Termination "Game drawn - insufficient material"]

1. e4 e5 2. Nf3 d5 3. exd5 e4 4. Qe2 Nf6 5. Nc3 Be7 6. Nxe4 Nxd5 7. d4 O-O 8. c4 Nb6 9. Be3 Re8 10. O-O-O Na4 11.
Qc2 Bf5 12. Bd3 Nb6 13. h3 Nc6 14. d5 Nb4 15. Qb3 Nxd3+ 16. Qxd3 Na4 17. Nfd2 Bf6 18.
Bd4 Bg5 19. Rhe1 b5 20. b3 bxc4 21. Qxc4 Nb6 22. Bxb6 axb6 23. Kb2 Bf4 24. Nf3 b5 25. Qd4 Qc8 26. Nc3 b4 27. Na4 Bd6 28. Ne5 Bd7 29. Nxd7 Qxd7 30. f4 Qf5 31. Rxe8+ Rxe8 32. g3 Qxh3 33. Qf2 Qh6 34. Re1 Qf6+ 35. Kb1 Ra8 36.
Re4 Qf5 37. Qc2 Qxd5 38. Re1 h6 39. Qe4 Qd2 40. Qxa8+ Kh7 41. Qe4+ g6 42. Qe3 Qd5 43. Qe2 Qf5+ 44. Qc2 Qg4 45. Re3 h5 46. Rd3 h4 47. Rxd6 cxd6 48. gxh4 Qxf4 49. Nb6 Qf1+ 50. Qc1 Qd3+ 51. Qc2 Qf1+ 52. Qc1 Qf5+ 53. Qc2 Qe5 54.
Nc4 Qd4 55. Nd2 Qxh4 56. a4 bxa3 57. Ka2 Qb4 58. Nc4 d5 59. Nxa3 d4 60. Qc4 Qd2+ 61. Qc2 Qe3 62. Nc4 Qe5 63. b4 Qd5 64. Kb3 d3 65. Qh2+ Kg8 66. Qb8+ Kg7 67. Qe5+ Qxe5 68.
Nxe5 Kf6 69. Nxd3 Ke6 70. Kc4 Kd6 71. b5 f5 72. Kd4 g5 73. Kc4 f4 74. Kd4 f3 75. Ke3 Kc7 76. Kxf3 Kb6 77. Kg4 Kxb5 78. Kxg5 1/2-1/2

[Event "Early-Titled-Tuesday-Blitz-October-24-2023"]
[Site "Chess.com"]
[Date "2023.10.24"]
[Round "6"]
[White "Duhless"]
[Black "abhidabhi"]
[Result "1/2-1/2"]
[WhiteElo "3080"]
[BlackElo "2906"]
[TimeControl "180+1"]
[EndTime "9:06:47 PDT"]
[Termination "Game drawn by repetition"]

1. d4 Nf6 2. Nf3 b6 3. Bg5 Bb7 4. Bxf6 exf6 5. Nbd2 d5 6. g3 Nd7 7. Bg2 f5 8. O-O Nf6 9. c4 Be7 10. Qa4+ Qd7 11. Qxd7+ Nxd7 12. Rac1 O-O-O 13. e3 g6 14. Ne1 dxc4 15. Nxc4 c5 16. dxc5 bxc5 17. Nd3 Bxg2 18. Kxg2 Kb7 19. Rc3 Rhe8 20. Rfc1 Bf8 21. Na5+ Ka8 22.
Nb3 Bg7 23. R3c2 c4 24. Rxc4 Nb6 25. Rc7 Rxd3 26. Rxf7 Rd7 27. Rc7 Rxc7 28. Rxc7 Bxb2 29. Rxh7 Rd8 30. Na5 Rd7 31. Rh6 Bc3 32. Nb3 Rd6 33. h4 Nc4 34. h5 gxh5 35. Rxh5 Rf6 36. Rh8+ Kb7 37. Nc5+ Kc7 38. Rh7+ Kc6 39. Na4 Bb4 40. Rxa7 Kb5 41. Ra8 Ba5 42. Rc8 Rd6 43. Nc5 Nb6 44. Rf8 Kxc5 45. Rxf5+ Rd5 46. Rf7 Nc4 47. g4 Rd2 48.
Kg3 Rxa2 49. g5 Ne5 50. Rf5 Kd6 51. f4 Be1+ 52. Kh3 Nd3 53. g6 Nf2+ 54. Kh4 Ne4+ 55. Kg4 Ke6 56. Re5+ Kf6 57. Rxe4 Rg2+ 58. Kf3 Rf2+ 59.
Kg4 Kxg6 60. Re6+ Kf7 61. Kf5 Ra2 62. Re5 Bc3 63. Rc5 Bf6 64. Rc7+ Be7 65. e4 Rh2 66. e5 Rh5+ 67. Ke4 Rh1 68. f5 Re1+ 69. Kf4 Rf1+ 70. Ke4 Re1+ 71. Kf4 Rf1+ 72. Ke4 Re1+ 1/2-1/2

[Event "Early-Titled-Tuesday-Blitz-October-24-2023"]
[Site "Chess.com"]
[Date "2023.10.24"]
[Round "6"]
[White "Estrategia_vs_Tactica"]
[Black "ilushka"]
[Result "0-1"]
[WhiteElo "2266"]
[BlackElo "2448"]
[TimeControl "180+1"]
[EndTime "9:06:51 PDT"]
[Termination "ilushka won by resignation"]

1. e4 e5 2. Nf3 Nc6 3. Bc4 Nf6 4. d3 Bc5 5. O-O d6 6. c3 O-O 7. a4 a5 8. h3 h6 9. Na3 Be6 10. Re1 Re8 11. Be3 Bxe3 12. Rxe3 d5 13. Bb5 dxe4 14.
dxe4 Qxd1+ 15. Rxd1 Bb3 16. Rd2 Rad8 17. Rxd8 Rxd8 18.
c4 Bd1 19. Bxc6 bxc6 20. Nxe5 Rb8 21. Nxc6 Rxb2 22. Nxa5 Bxa4 23. e5 Nd7 24. f4 Nc5 25. Nb5 Bxb5 26. cxb5 Rxb5 27. Nc6 Ne6 28. f5 Rc5 29.
Nb4 Nd4 30. e6 Kf8 31. g4 fxe6 32. fxe6 Ke7 33. Re4 Nxe6 34. Nd3 Rc6 35. Nf4 Kf7 36. Nd5 Ng5 37. Re3 Rc5 38. Nf4 Rc2 39. h4 Nh7 40. Nd5 Nf6 41. Rf3 Ke6 42. Nxf6 gxf6 43. Re3+ Kd5 44. Rf3 Ke5 45. Re3+ Kf4 46. Rd3 Kxg4 47.
Rd4+ Kh5 48. Kf1 f5 49. Rf4 c5 50. Rxf5+ Kxh4 51. Rd5 h5 52. Kg1 Kg4 53. Rd8 h4 54.
Rf8 h3 55. Kh1 c4 56. Rg8+ Kf3 57. Rh8 c3 58. Rxh3+ Ke2 59. Kg2 Kd1+ 60. Kf1 Kc1 61. Ke1 Kb2 62. Rh8 Rd2 63. Rb8+ Kc2 64. Rc8 Rd5 65.
Ke2 Re5+ 66. Kf3 Kd2 67. Kf4 Re7 68. Rd8+ Kc1 69. Rc8 c2 70. Kf3 Kd2 71. Rd8+ Kc3 72. Rc8+ Kb3 73. Rb8+ Kc3 74. Rc8+ Kb2 75. Rb8+ Kc1 76.
Kf2 Re4 77. Rc8 Kd2 78. Kf3 Rd4 0-1

[Event "Early-Titled-Tuesday-Blitz-October-24-2023"]
[Site "Chess.com"]
[Date "2023.10.24"]
[Round "6"]
[White "LiemLe"]
[Black "chessfatbear"]
[Result "1-0"]
[WhiteElo "2965"]
[BlackElo "2805"]
[TimeControl "180+1"]
[EndTime "9:06:58 PDT"]
[Termination "LiemLe won on time"]

1. Nf3 Nf6 2. c4 e6 3. Nc3 d5 4. e3 Be7 5. b3 O-O 6. Bb2 b6 7. cxd5 exd5 8. g3 c5 9. d4 Nc6 10. Bg2 Ba6 11. Ne2 cxd4 12. Nfxd4 Nxd4 13. Bxd4 Bb4+ 14. Kf1 Ne4 15. Kg1 Rc8 16. Nf4 Bc3 17. Rc1 Bxd4 18. Rxc8 Qxc8 19. exd4 Nc3 20. Qd2 g5 21.
Bh3 f5 22. Nh5 Ne4 23. Qe3 Qc2 24. f3 f4 25. gxf4 gxf4 26. Qe1 Kh8 27. Bg4 Rg8 28.
h3 Qd3 29. Kh2 Qxd4 30. fxe4 dxe4 31. Qa1 Qxa1 32. Rxa1 f3 33. Kg3 Rf8 34. Kf2 e3+ 35.
Kxe3 f2 36. Be2 Re8+ 37. Kxf2 Rxe2+ 38. Kg3 Re3+ 39. Kh4 Bc8 40. Rd1 Rxh3+ 41. Kg5 Kg8 42. Rd8+ Kf7 43. Rxc8 Ke6 44. Rc7 a5 45. Rc6+ Kd5 46.
Rxb6 Kc5 47. Rb7 Kc6 48. Rxh7 Rh2 49. a4 Rh3 50. Rh6+ Kc5 51. Ra6 Rxb3 52. Rxa5+ Kb4 53. Ra8 Ra3 54. Nf4 Rxa4 55. Nd5+ Ka3 56. Rd8 Ra5 57.
Kf4 Kb3 58. Ke4 Ra1 59. Rb8+ Kc4 60. Rc8+ Kb5 61. Kd4 Rd1+ 62. Ke5 Re1+ 63. Kd6 Rd1 64.
Rc5+ Ka4 65. Kc6 Kb3 66. Rb5+ Ka3 67. Kc5 Rc1+ 68. Kd4 Rd1+ 69. Kc3 Rc1+ 70. Kd2 Rc8 71. Rb7 Rd8 72. Kc3 Rc8+ 73. Nc7 Ka2 74. Kc2 Ka3 75. Kc3 Ka2 76. Kd3 1-0

[Event "Early-Titled-Tuesday-Blitz-October-24-2023"]
[Site "Chess.com"]
[Date "2023.10.24"]
[Round "6"]
[White "Mistango"]
[Black "rachidhuilda"]
[Result "0-1"]
[WhiteElo "2469"]
[BlackElo "2383"]
[TimeControl "180+1"]
[EndTime "9:07:01 PDT"]
[Termination "rachidhuilda won by checkmate"]

1. e4 d5 2. d3 dxe4 3. dxe4 Qxd1+ 4. Kxd1 Nc6 5. c3 e5 6. Be3 f5 7. f3 f4 8. Bf2 Be6 9. Nd2 O-O-O 10. Kc2 Nf6 11.
b3 g5 12. Bc4 Bxc4 13. Nxc4 h5 14. Ne2 g4 15. Rhd1 Rxd1 16. Rxd1 Rg8 17. Rg1 Bd6 18. h3 g3 19. Be1 Bc5 20. Rf1 Nd7 21. b4 Bd6 22.
Nc1 Ne7 23. Nd3 Ng6 24. Bd2 Nh4 25. Rg1 b6 26. a4 Kd8 27. Kd1 Ke7 28. Ke2 Ke6 29. Kd1 Nf6 30. Ke2 Nh7 31. Nxd6 cxd6 32. Nxf4+ exf4 33. Bxf4 Nf6 34. Be3 Ng6 35. Rd1 Nh4 36.
Kf1 Nd7 37. a5 Rc8 38. axb6 axb6 39. Rd3 Ne5 40. Rd1 Rxc3 41. Bxb6 Rb3 42. Bd8 Nhg6 43. Bc7 Rd3 44. b5 Rxd1+ 45. Ke2 Rb1 46. b6 Nc4 47. f4 Nxb6 48. f5+ Kf6 49. fxg6 Kxg6 50. Kf3 h4 51. Bxd6 Nc4 52. Be7 Rb2 53. Bxh4 Rb3+ 54. Kf4 Nd2 55. e5 Rb4+ 56. Kxg3 Kf5 57. Bd8 Kxe5 58.
Be7 Rc4 59. h4 Kf5 60. Kh3 Ne4 61. Bd8 Rc3+ 62. Kh2 Kg4 63. Be7 Rd3 64. h5 Kxh5 65.
g3 Kg4 66. Kg2 Rxg3+ 67. Kf1 Rb3 68. Ke2 Ng5 69. Kd2 Rh3 70. Bd6 Rh5 71. Bc7 Rh7 72. Bd6 Rd7 73. Kc3 Rxd6 74. Kc4 Rd8 75. Kc5 Rd1 76. Kc6 Nf3 77. Kc5 Kf4 78. Kc4 Ke4 79.
Kc3 Rd3+ 80. Kc2 Rd7 81. Kb2 Rd8 82. Kc3 Rc8+ 83. Kb3 Rc7 84. Kb4 Rb7+ 85. Kc5 Rg7 86. Kd6 Rh7 87. Kc5 Rh6 88. Kc4 Re6 89. Kc3 Rd6 90. Kb4 Rc6 91. Kb5 Rc1 92. Kb4 Ne5 93. Kb3 Kd4 94. Kb2 Rc8 95. Kb3 Nf3 96. Kb4 Rb8+ 97. Ka3 Kc4 98. Ka2 Kc3 99. Ka1 Kc2 100. Ka2 Ra8# 0-1

[Event "Early-Titled-Tuesday-Blitz-October-24-2023"]
[Site "Chess.com"]
[Date "2023.10.24"]
[Round "6"]
[White "Oleksandr_Bortnyk"]
[Black "Grandmaster1369"]
[Result "1/2-1/2"]
[WhiteElo "3028"]
[BlackElo "2805"]
[TimeControl "180+1"]
[EndTime "9:07:03 PDT"]
[Termination "Game drawn by repetition"]

1. e4 c5 2. c3 d5 3. exd5 Qxd5 4.
d4 Nf6 5. Be3 e6 6. dxc5 Be7 7.
Na3 O-O 8. Nf3 Nbd7 9. b4 a5 10.
Nb5 axb4 11. cxb4 Rxa2 12. Nc3 Qxd1+ 13. Rxd1 Rb2 14. Rd4 e5 15. Rc4 b5 16. Nxb5 Ba6 17. Rc1 Rxb4 18. Nd6 Bxf1 19. Kxf1 Nd5 20. c6 Bxd6 21.
cxd7 Rb7 22. Rd1 Nxe3+ 23. fxe3 Rxd7 24. Nxe5 Re7 25. Rxd6 Rxe5 26. Ke2 Rfe8 27. Rd3 h5 28. h4 Re4 29. g3 Rg4 30. Kf3 Re6 31. Rd8+ Kh7 32. Rd4 Rf6+ 33. Rf4 Rfxf4+ 34. exf4 Rg6 35. Rd1 Rb6 36. Rd7 Kg6 37. Rd5 f5 38. Rd3 Rc6 39. Ke3 Re6+ 40. Kd4 Re4+ 41. Kd5 Kf6 42. Ra3 Re6 43.
Rc3 Re1 44. Rc6+ Kf7 45. Rc3 Kf6 46. Rd3 Re2 47. Kc5 Kf7 48. Rd7+ Kf6 49. Rd6+ Kf7 50. Rd3 Kf6 51. Kd4 Re1 52. Kc4 Re2 53. Kd5 Kf7 54.
Rb3 Kf6 55. Rb6+ Kf7 56. Kd4 Re4+ 57. Kd5 Re1 58. Ra6 Re3 59. Kd4 Rxg3 60. Ke5 Rg4 61. Kxf5 Rxh4 62. Ra7+ Kg8 63. Kg5 Rg4+ 64. Kxh5 Rxf4 65.
Kg6 Rg4+ 66. Kf5 Rg1 67. Kf4 Kh7 68. Kf3 Kh6 69. Kf2 Rg4 70. Ra5 g5 71. Ra6+ Kh5 72.
Ra8 Rc4 73. Kg3 Rc3+ 74. Kg2 Kh4 75. Ra4+ Kh5 76. Rb4 Re3 77. Ra4 Re5 78. Rb4 Rf5 79. Ra4 Kg6 80. Rb4 Rf6 81. Kg3 Re6 82. Kg4 Rf6 83. Kg3 Kh5 84. Rc4 Rd6 85. Rb4 Rd3+ 86. Kg2 g4 87. Rb8 Kh4 88. Rh8+ Kg5 89. Rg8+ Kf4 90.
Rf8+ Kg5 91. Rg8+ Kf5 92. Rf8+ Ke4 93. Rg8 Kf4 94. Rf8+ Kg5 95. Rg8+ 1/2-1/2

[Event "Early-Titled-Tuesday-Blitz-October-24-2023"]
[Site "Chess.com"]
[Date "2023.10.24"]
[Round "6"]
[White "ProfessorChess101"]
[Black "attack2mateU"]
[Result "1-0"]
[WhiteElo "2552"]
[BlackElo "2710"]
[TimeControl "180+1"]
[EndTime "9:07:16 PDT"]
[Termination "ProfessorChess101 won by resignation"]

1. e4 c5 2. Nf3 d6 3. d4 cxd4 4. Bc4 Nf6 5. O-O Nxe4 6. Nxd4 d5 7. Bb3 e6 8. c4 dxc4 9. Bxc4 Be7 10. Bd3 Nf6 11. Nc3 O-O 12. Bg5 Bd7 13. Nf3 Nc6 14. Qe2 Qa5 15. Rad1 Nd4 16. Bxh7+ Nxh7 17. Rxd4 Nxg5 18.
Rxd7 Bf6 19. Rxb7 Rfb8 20. Rxb8+ Rxb8 21. Nxg5 Bxg5 22. Ne4 Be7 23. b3 Rc8 24. Rd1 Qe5 25. Qf3 Rc2 26. a4 f5 27. Ng3 Qc3 28. Qa8+ Kf7 29.
Qxa7 Qxb3 30. Rf1 Ra2 31. a5 Qb5 32. Qd4 Rxa5 33. Nh5 Qe5 34. Qd1 g6 35. Ng3 Ra2 36. Qe1 Qd4 37. Qd1 Rd2 38. Qc1 Bc5 39. Nh1 g5 40.
Qe1 g4 41. Qc1 Kf6 42. Qb1 f4 43. Qb8 Kf5 44. Qe8 e5 45. Qh5+ Ke4 46. Qxg4 Kd5 47. Qd7+ Ke4 48. Qb7+ Kd3 49. Qf3+ Kc4 50. h4 Rd3 51.
Rc1+ Kb5 52. Qe2 Bb6 53. Rd1 e4 54. Rb1+ Kc6 55. Qg4 f3 56. Qe6+ Qd6 57. Qxd6+ Rxd6 58. Rc1+ Bc5 59. gxf3 exf3 60. Kh2 Rg6 61. Ng3 Kd5 62. Rc2 Bd6 63. Kh3 Bxg3 64. fxg3 Ke4 65. g4 Ke3 66.
Kg3 Rf6 67. Rf2 Ke4 68. h5 Rf8 69. h6 Rf7 70. Rh2 Ke3 71. h7 f2 72. h8=Q Rf3+ 73.
Kh4 f1=Q 74. Qe5+ Kd3 75. Qd5+ Kc3 76. Qd2+ Kc4 77. Qc2+ Rc3 78. Qe4+ Kb3 79. Qb7+ Ka3 80. Qa7+ Kb3 81. Qa2+ Kb4 82. Rb2+ Kc5 83. Qa5+ Kd4 84. Qd8+ Kc5 85. Qc7+ Kd4 86. Qd6+ Ke4 87. Qe6+ Kd4 88.
Qd6+ Ke4 89. Qe7+ Kd4 90. Rd2+ Rd3 91. Qd7+ Ke3 92. Qxd3+ Qxd3 93. Rxd3+ Kxd3 94. Kg5 1-0

[Event "Early-Titled-Tuesday-Blitz-October-24-2023"]
[Site "Chess.com"]
[Date "2023.10.24"]
[Round "6"]
[White "Rud_Makarian"]
[Black "alexrustemov"]
[Result "1-0"]
[WhiteElo "2968"]
[BlackElo "2773"]
[TimeControl "180+1"]
[EndTime "9:07:22 PDT"]
[Termination "Rud_Makarian won on time"]

1. Nf3 d5 2. c4 c6 3. d4 Nf6 4.
Nc3 a6 5. g3 dxc4 6. Bg2 b5 7.
Ne5 Bb7 8. O-O e6 9. b3 cxb3 10.
Qxb3 Be7 11. Rd1 O-O 12. Ne4 Nbd7 13. Ba3 Nxe4 14. Bxe4 Bxa3 15. Qxa3 Nxe5 16. dxe5 Qc7 17. Qc5 Rfd8 18. Rd6 h6 19. Rad1 a5 20. a3 Rxd6 21. exd6 Qd7 22. h4 Rb8 23. Qb6 Qd8 24. Qc5 Qd7 25. Kh2 Ba8 26. h5 b4 27. Qxa5 b3 28.
Qc7 Rd8 29. Qxd7 Rxd7 30. Rd3 f5 31. Rxb3 fxe4 32. Rb8+ Kf7 33. Rxa8 Rxd6 34. e3 Rd2 35. Kg2 Ra2 36. Ra4 Kf6 37. g4 Ke5 38. Ra5+ Kf6 39.
Kg3 c5 40. Rxc5 Rxa3 41. Rc4 Ke5 42. Rc8 Ra7 43. Rf8 Rb7 44. Rf4 Ra7 45. Rf8 Rb7 46. Kh4 Ra7 47. Rb8 Rf7 48. Rb5+ Kd6 49. Kg3 Rf3+ 50. Kg2 Rf7 51. Ra5 Rb7 52. Kg3 Rf7 53.
Ra4 Ke5 54. Ra6 Rf3+ 55. Kg2 Rf7 56. Rb6 Kf6 57. Rb5 Ra7 58. Kg3 Ra1 59. Rb4 Rg1+ 60. Kh3 Ra1 61. Rxe4 Ra7 62. Kg3 Kf7 63. Rb4 Kf6 64.
Rf4+ Ke7 65. Rb4 Kf6 66. Rc4 Kf7 67. f4 Kf6 68. Rc5 Kf7 69. g5 Ke7 70. g6 Kf6 71.
Kf3 Rb7 72. Rc8 Ke7 73. Rg8 Kd6 74. Rf8 Ra7 75. Rf7 Rxf7 76. gxf7 Ke7 77. f5 Kxf7 78. Kf4 exf5 79. Kxf5 Ke7 80. Kg6 Kf8 81. e4 Kg8 82.
e5 Kf8 83. e6 Ke7 84. Kf5 Ke8 85. Ke5 Ke7 86. Kd5 Ke8 87. Kd6 Kd8 88. e7+ Ke8 89. Ke6 g5 90. hxg6 h5 91. g7 1-0

[Event "Early-Titled-Tuesday-Blitz-October-24-2023"]
[Site "Chess.com"]
[Date "2023.10.24"]
[Round "6"]
[White "NMJeevanK"]
[Black "c63_amg"]
[Result "1/2-1/2"]
[WhiteElo "2605"]
[BlackElo "2814"]
[TimeControl "180+1"]
[EndTime "9:07:23 PDT"]
[Termination "Game drawn by 50-move rule"]

1. e4 c6 2. d4 d5 3. exd5 cxd5 4. Bd3 Nc6 5. c3 Nf6 6. Bf4 Bg4 7. Qb3 Qd7 8. Nd2 e6 9. Ngf3 Bxf3 10. Nxf3 Bd6 11. Bxd6 Qxd6 12. O-O O-O 13. Rfe1 Qc7 14. Qd1 a6 15. a4 Rfe8 16. Ne5 Nxe5 17. Rxe5 Nd7 18.
Rh5 g6 19. Rh3 e5 20. dxe5 Rxe5 21. Bf1 Rae8 22. Qd2 Nf6 23. Rd1 Qb6 24. Rf3 Kg7 25. b4 Ne4 26. Qb2 Kg8 27. c4 dxc4 28.
Bxc4 Ng5 29. Rc3 a5 30. b5 Qf6 31. Bf1 Rc5 32. Rc2 Qxb2 33. Rxb2 Re7 34. f3 Ne6 35. Kf2 Rec7 36. Bd3 Rd5 37. Be2 Rxd1 38. Bxd1 Rd7 39. Ke1 Rd4 40. Rd2 Rxd2 41. Kxd2 Kf8 42. Kd3 Ke7 43.
Kc4 Kd6 44. g3 Nc5 45. Kd4 b6 46. Bc2 h6 47. h4 Ne6+ 48. Ke4 f5+ 49. Ke3 Ke5 50.
f4+ Kd6 51. h5 gxh5 52. Bxf5 Nc5 53. Bc2 Kd5 54. f5 Ke5 55. Kf2 Nd7 56. Kf3 Nf6 57. Bd3 Nd5 58. Bb1 Ne7 59. g4 hxg4+ 60. Kxg4 h5+ 61.
Kg5 Nd5 62. Kxh5 Kf6 63. Kg4 Nc3 64. Bc2 Nd5 65. Kf3 Ke5 66. Bb3 Nc3 67. Ke3 Kxf5 68.
Kd3 Nb1 69. Kc2 Na3+ 70. Kb2 Nxb5 71. axb5 Ke5 72. Bc4 Kd4 73. Bf1 Kc5 74. Kb3 Kd4 75.
Ka4 Kc5 76. Bh3 Kd4 77. Bd7 Kc3 78. Bc6 Kc4 79. Ka3 Kc3 80. Ka2 Kc4 81. Ka3 Kc3 82.
Ka4 Kc4 83. Bg2 Kc3 84. Bf1 Kd4 85. Be2 Kc3 86. Ka3 Kd4 87. Bf1 Kc3 88. Ka2 Kc2 89.
Bc4 Kc3 90. Be2 Kc2 91. Ka3 Kc3 92. Ka4 Kc2 93. Bc4 Kc3 94. Bb3 Kd4 95. Bd1 Kc3 96. Ka3 Kc4 97. Be2+ Kc3 98. Ka2 Kc2 99. Bf1 Kc3 100.
Bh3 Kc4 101. Bd7 Kc3 102. Kb1 Kb4 103. Kb2 Kc4 104. Kc2 Kb4 105. Kb2 Kc4 106. Ka3 Kc3 107. Ka4 Kc4 108. Be6+ Kc3 109. Bd5 Kd4 110. Bc6 Kc3 111. Bg2 Kc4 112. Bf1+ Kc3 113. Be2 Kd4 114. Kb3 Ke3 115. Bf1 Kd4 116. Kc2 Kc5 117. Kc3 Kd5 118. Bc4+ Kc5 119. Bd3 Kd5 120. Bc2 Kc5 121. Ba4 1/2-1/2

[Event "Early-Titled-Tuesday-Blitz-October-24-2023"]
[Site "Chess.com"]
[Date "2023.10.24"]
[Round "6"]
[White "IMRosen"]
[Black "adotand"]
[Result "1-0"]
[WhiteElo "2585"]
[BlackElo "2826"]
[TimeControl "180+1"]
[EndTime "9:07:24 PDT"]
[Termination "IMRosen won by checkmate"]

1. e4 e6 2. f4 d5 3. e5 c5 4. Nf3 Nc6 5. c3 d4 6. Bd3 Be7 7. Na3 Nh6 8. O-O Nf5 9. Be4 Bd7 10.
Qe2 O-O 11. d3 a6 12. Bd2 Rc8 13. Qf2 b5 14. g4 Nh4 15. Nxh4 Bxh4 16. Qg2 Be7 17. Qh3 g6 18. g5 c4 19. Rf3 Re8 20. Nc2 dxc3 21. bxc3 cxd3 22. Rxd3 Qb6+ 23. Be3 Qc7 24.
Rad1 Rcd8 25. Bf2 Na5 26. Ne3 Bc6 27. Bxc6 Qxc6 28. Ng4 Rxd3 29. Rxd3 Qe4 30. Nf6+ Bxf6 31. exf6 h5 32. Rd4 Qb1+ 33. Kg2 Nc4 34. Qd3 Qxd3 35. Rxd3 Rc8 36. Rd7 Ra8 37. Bd4 Nb2 38. Kf3 Nc4 39. h4 Kf8 40. Rc7 Kg8 41. Bc5 e5 42. fxe5 Nxe5+ 43. Ke4 Nc4 44. Be7 Nd2+ 45. Kd3 Nf3 46. Ke4 Nxh4 47. Bc5 Nf5 48. Kd5 h4 49. Kc6 h3 50.
Bg1 Ng3 51. Kb7 Rf8 52. Bh2 Nf1 53. Be5 h2 54. Bxh2 Nxh2 55. Kxa6 Nf3 56. Rc5 Rb8 57. Ka7 Re8 58. Rxb5 Re5 59. a4 Re3 60. c4 Ra3 61. a5 Ra4 62. Rc5 Nd2 63. a6 Nxc4 64. Kb7 Nd6+ 65. Kb6 Rb4+ 66. Ka5 Rb8 67. a7 Rf8 68. Ka6 Ra8 69. Rc6 Nc8 70. Kb7 Rxa7+ 71. Kxc8 Ra5 72. Rd6 Rxg5 73. Rd8+ Kh7 74. Rf8 Rf5 75. Rxf7+ Kh6 76. Kd7 g5 77. Ke6 Rf2 78. Rf8 Kg6 79. Rg8+ Kh5 80. f7 Re2+ 81. Kf5 Rf2+ 82.
Ke6 Re2+ 83. Kf6 Rf2+ 84. Ke7 g4 85. Rh8+ Kg5 86. Rg8+ Kh4 87. Rg6 Rxf7+ 88. Kxf7 g3 89. Kf6 Kh3 90. Kf5 g2 91. Kf4 Kh2 92. Rh6+ Kg1 93.
Kf3 Kf1 94. Ra6 g1=Q 95. Ra1# 1-0